 Dungeon Crawl Stone Soup version 0.31-a0-1-g4198be8af4 (webtiles) character file.

Game seed: 801284963059120154

1435 Ahpoh the Slasher (level 8, -2/43 HPs)
             Began as a Vine Stalker Fighter on May 1, 2023.
             Was a Follower of Uskayaw.
             Slain by an unseen horror (7 damage)
             ... on level 6 of the Dungeon.
             The game lasted 00:13:24 (5119 turns).

Ahpoh the Slasher (Vine Stalker Fighter)            Turns: 5119, Time: 00:13:25

Health: -2/43      AC: 11    Str: 20    XL:     8   Next: 73%
Magic:  0/9        EV:  8    Int:  8    God:    Uskayaw [*.....]
Gold:   332        SH:  0    Dex: 15    Spells: 6/7 levels left

rFire   . . .        a - +0 triple sword
rCold   . . .        (shield currently unavailable)
rNeg    . . .        i - +0 chain mail
rPois   .            m - +1 helmet
rElec   .            (no cloak)
rCorr   .            (no gloves)
SInv    .            (no boots)
Will    +....        p - amulet of magic regeneration Stlth
                     (no ring)
HPRegen 1.07/turn    (no ring)
MPRegen 0.51/turn

%: guardian spirit
@: no status effects
A: fangs 3, regeneration 1, magic shield, antimagic bite, no potion heal 2
a: Renounce Religion, Stomp


You were on level 6 of the Dungeon.
You worshipped Uskayaw.
Uskayaw was noncommittal.
You visited 1 branch of the dungeon, and saw 6 of its levels.

You collected 332 gold pieces.

Inventory:

Hand Weapons
 a - a +0 triple sword (weapon)
 l - the +7 mace "Safrom" {protect, rElec rF- Str+3}
   (You found it on level 4 of the Dungeon)

   Str:       It affects your strength (+3).
   rF:        It makes you vulnerable to fire.
   rElec:     It insulates you from electricity.
 o - a +2 dagger of speed
Armour
 f - a +0 helmet
 i - a +0 chain mail (worn)
 m - a +1 helmet (worn)
Jewellery
 p - an amulet of magic regeneration (around neck)
Wands
 d - a wand of charming (6)
 u - a wand of polymorph (4)
Scrolls
 b - 3 scrolls of teleportation
 g - 2 scrolls of noise
 h - a scroll of enchant armour
 j - 2 scrolls of identify
 r - 2 scrolls of immolation {unknown}
 t - a scroll of fear {unknown}
Potions
 c - 2 potions of magic {unknown}
 e - 2 potions of curing
 k - a potion of lignification {unknown}
 n - 2 potions of mutation {unknown}
 q - a potion of ambrosia {unknown}
 s - a potion of might


   Skills:
 + Level 5.0 Fighting
 + Level 0.1(4.2) Short Blades
 + Level 6.8 Long Blades
 + Level 4.6 Armour
 + Level 1.1 Dodging
 + Level 2.3 Stealth
 + Level 3.1 Shields
 + Level 0.2 Spellcasting
 + Level 0.2 Evocations


You had 6 spell levels left.
You knew the following spells:

 Your Spells              Type           Power      Damage    Failure   Level
a - Sandblast             Erth           0%         2d4       97%         1

Your spell library contained the following spells:

 Spells                   Type           Power      Damage    Failure   Level
 Apportation              Tloc           0%         N/A       97%         1
 Necrotise                Necr           0%         1d4       97%         1
 Summon Small Mammal      Summ           0%         N/A       97%         1
 Passwall                 Tmut/Erth      0%         N/A       99%         2
 Ozocubu's Armour         Ice            0%         N/A       100%        3
 Stone Arrow              Conj/Erth      0%         3d7       100%        3
 Summon Lightning Spire   Summ/Air       0%         N/A       100%        4
 Ozocubu's Refrigeration  Ice            0%         4d7       100%        7
 Storm Form               Tmut/Air       0%         N/A       100%        7
 Maxwell's Capacitive Co  Air            0%         ∞         100%        8


Dungeon Overview and Level Annotations

Branches:
Dungeon (6/15)
 Temple: D:4-7

Altars:
Uskayaw
The Shining One


Innate Abilities, Weirdness & Mutations

You have razor-sharp teeth.
Your natural rate of healing is unusually fast.
When hurt, damage is shared between your health and your magic reserves.
Your bite disrupts and absorbs the magic of your enemies.
Potions cannot restore your health.


Message History

Something hits you! Something hits you but does no damage.
You barely miss something. Something hits you but does no damage.
Found a stone staircase leading up.
Something hits you. Something hits you but does no damage.
Something hits you but does no damage. Something hits you but does no damage.
Something completely misses you.
You barely miss something. You bite something. Something hits you.
Something hits you but does no damage. x2
You closely miss something. You bite something. You drain its power.
Something hits you. Something hits you but does no damage. Something hits you!
Something hits you.
You closely miss something. Your bite misses something. Something hits you!
Something hits you but does no damage.
You barely miss something. Your bite misses something. Something hits you.
You barely miss something. You bite something. You drain its power.
You feel invigorated. Something hits you but does no damage.
Something hits you.
You hit something but do no damage. Your bite misses something.
Something hits you! Something hits you but does no damage. Something hits you.
You hit something but do no damage. Something hits you.
Something hits you but does no damage. Something hits you.
* * * LOW HITPOINT WARNING * * *
Something hits you but does no damage.
You miss something. Something hits you but does no damage. Something hits you.
* * * LOW HITPOINT WARNING * * *
Something hits you but does no damage.
You hit something. Your bite misses something. Something hits you!
* * * LOW HITPOINT WARNING * * *
Something hits you but does no damage. Something hits you.
* * * LOW HITPOINT WARNING * * *
You completely miss something. You bite something. You drain its power.
You feel invigorated. Something hits you. x3
* * * LOW HITPOINT WARNING * * *
You barely miss something. Your bite misses something. Something hits you.
* * * LOW HITPOINT WARNING * * *
Something hits you!
You die...

...........#.... #.....'.......
...#######.###.###########†......
#.......<.....................###
########.#.......................
.....#...#.###.#...#...######.###
####.#.....#...#.#.#.#.# #.#
....>........###.#.#.#.#### #.#
.....#.........#.#.#.#....# #.#
.....########..#@#<#.####.# #.#
####.# #.........###.####.# #.#
#.#####.......#....# #
####.###'#####'##.####.####.# #
...#.......#......## #....#.# #
...#.......#.......######.#.# ##
...##......#..............#.####.
...##......#.....##.#######.##...
...#########.....##.## #.##.##


There were no monsters in sight!

Vanquished Creatures
  Pikel (D:5)
  Edmund (D:5)
  A sky beast (D:6)
  A phantom (D:4)
  A kobold brigand (D:5)
  Blork the orc (D:5)
  A scorpion (D:6)
  2 orc priests
  3 hounds
  A sleepcap (D:5)
  An iguana (D:5)
  2 orc wizards
  11 adders
  A white imp (D:6)
  An ufetubus (D:5)
  6 worms
  6 dart slugs
  11 orcs
  7 ball pythons
  3 bats
  11 endoplasms
  2 giant cockroaches
  14 goblins
  7 hobgoblins
  7 jackals
  13 kobolds
  A quokka (D:3)
  2 frilled lizards
  3 rats
122 creatures vanquished.

Notes
Turn   | Place    | Note
-------+----------+-------------------------------------------
     0 | D:1      | Ahpoh the Vine Stalker Fighter began the quest for the Orb.
     0 | D:1      | Reached XP level 1. HP: 11/11 MP: 2/2
   125 | D:1      | Reached XP level 2. HP: 14/16 MP: 3/3
   453 | D:1      | Reached skill level 2 in Long Blades
   504 | D:1      | Reached XP level 3. HP: 20/20 MP: 4/4
  1061 | D:2      | Found a glowing golden altar of the Shining One.
  1215 | D:2      | Gained mutation: Your natural rate of healing is unusually
                  | fast. [Vine Stalker growth]
  1215 | D:2      | Reached XP level 4. HP: 22/24 MP: 3/5
  1672 | D:2      | Reached skill level 3 in Long Blades
  1675 | D:2      | Found a faded altar of an unknown god.
  1686 | D:2      | Prayed at the altar of an unknown god.
  1686 | D:2      | Became a worshipper of Uskayaw the Reveller
  1686 | D:2      | Reached * piety under Uskayaw
  2021 | D:3      | Reached XP level 5. HP: 28/28 MP: 6/6
  2053 | D:3      | Reached ** piety under Uskayaw
  2090 | D:3      | Learned a level 1 spell: Sandblast
  2891 | D:4      | Identified the +7 mace "Safrom" {protect, rElec rF- Str+3}
  2930 | D:4      | Noticed a phantom
  2934 | D:4      | Killed a phantom
  2935 | D:4      | Reached skill level 4 in Long Blades
  2935 | D:4      | Reached skill level 1 in Stealth
  2935 | D:4      | Reached XP level 6. HP: 31/32 MP: 5/7
  3368 | D:4      | Reached *** piety under Uskayaw
  3969 | D:5      | Entered Level 5 of the Dungeon
  4082 | D:5      | Reached XP level 7. HP: 32/37 MP: 8/8
  4096 | D:5      | Noticed Edmund
  4198 | D:5      | Killed Edmund
  4199 | D:5      | Reached skill level 5 in Long Blades
  4306 | D:5      | Noticed Pikel
  4328 | D:5      | Killed Pikel
  4329 | D:5      | Reached skill level 6 in Long Blades
  4329 | D:5      | Reached skill level 1 in Dodging
  4329 | D:5      | Gained mutation: You have razor-sharp teeth. [Vine Stalker
                  | growth]
  4329 | D:5      | Reached XP level 8. HP: 5/42 MP: 0/9
  4499 | D:5      | Noticed Blork the orc
  4510 | D:5      | Killed Blork the orc
  4927 | D:6      | Reached skill level 5 in Fighting
  5119 | D:6      | Slain by an unseen horror

Illustrated notes

Levels and vault maps discovered:
D:1:      dpeg_arrival_arbitrary_b, layout_loops_corners
D:2:      minmay_door_path, layout_basic, hellmonk_ecumenical_altar_zigzags,
          basic_altar
D:3:      layout_basic, serial_curves, eino_curves_02, eino_curves_03,
          nicolae_elevator_lobby_asterisk
D:4:      layout_loops_corners, minmay_misc_feat_room,
          chequers_serial_rivers_large_b
D:5:      layout_loops_ring, st_stairs_8, nicolae_kite_square_tiling_tiny,
          uniq_edmund, uniq_pikel, uniq_blork_the_orc
D:6:      layout_basic

Skill      XL: |  1  2  3  4  5  6  7  8 |
---------------+-------------------------+-----
Fighting       | 3 4 5 |  5.0
Long Blades    | 2 3 4 6 |  6.8
Shields        | 3 |  3.1
Armour         | 3 4 |  4.6
Stealth        | 1 2 |  2.3
Dodging        | 1 |  1.1
Short Blades   | |  0.1
Spellcasting   | |  0.2
Evocations     | |  0.2

Action                     |  1- 3 |  4- 6 |  7- 9 || total
---------------------------+-------+-------+-------++-------
  Melee: Long sword        |    90 |   118 |       ||   208
         Bite              |    21 |    50 |    23 ||    94
         Triple sword      |       |    69 |    98 ||   167
         Dagger            |       |     6 |       ||     6
 Invoke: Stomp             |       |       |     1 ||     1
         Line Pass         |       |       |     1 ||     1
  Evoke: Wand              |       |       |     5 ||     5
    Use: Scroll            |     6 |     2 |       ||     8
         Potion            |       |     1 |     1 ||     2
   Stab: Paralysed         |       |     1 |     1 ||     2
 Armour: Scale mail        |    32 |    57 |       ||    89
         Chain mail        |       |    51 |    72 ||   123
  Dodge: Dodged            |    37 |    76 |    53 ||   166
  Block: Buckler           |    22 |    25 |       ||    47

Table legend: (Time is in decaauts)
 A = Elapsed time spent in this place.
 B = Non-inter-level travel time spent in this place.
 C = Inter-level travel time spent in this place.
 D = Time resting spent in this place.
 E = Time spent auto-exploring this place.
 F = Levels seen in this place.
 G = Mean time per level.
                   A        B        C        D        E       F      G
               +--------+--------+--------+--------+--------+-----+--------+
         Total |   5297 |   5221 |     76 |     59 |   3692 |   6 |  882.8 |
       Dungeon |   5297 |   5221 |     76 |     59 |   3692 |   6 |  882.8 |
               +--------+--------+--------+--------+--------+-----+--------+

Top non-repeatable levels by time:
     D:4: 1142 daAuts
     D:1: 1000 daAuts
     D:3: 993 daAuts
     D:2: 954 daAuts
     D:5: 814 daAuts
     D:6: 392 daAuts
